| TOP OF THE 1ST |
|
Bowie Baysox batting - Pitching for Frisco RoughRiders : RHP Matt Stutzman
|
|
Pitching: RHP Matt Stutzman
|
|
|
Batting: RHB Josh Hopp
|
0-0: Ball 1-0: Called Strike 1-1: Ball 2-1: Foul Ball, location: 2F 2-2: Fly out, F4 (Popup, 4M, EV 67.5 MPH)
|
|
Batting: RHB Jonathan Mendoza
|
0-0: Called Strike 0-1: Ball 1-1: SOLO HOME RUN (Flyball, 7D, EV 100.6 MPH), Distance : 397 ft
|
|
Batting: RHB Luke Vaccarino
|
0-0: Called Strike 0-1: Called Strike 0-2: Ball 1-2: Ball 2-2: Ball 3-2: DOUBLE (Line Drive, 9LM, EV 88.8 MPH)
|
|
Batting: RHB Alfredo Reguera
|
0-0: Foul Ball, location: 2F 0-1: SINGLE (Groundball, 4MD, EV 107.5 MPH) Luke Vaccarino to third
|
|
Batting: RHB Wil Ochoa
|
0-0: Ball 1-0: Foul Ball, location: 2F 1-1: Fly out, F7 (Flyball, 7, EV 91.2 MPH) Runner from 3rd tags up, SCORES, throw by LF
|
|
Batting: SHB Chris Wright
|
0-0: Called Strike Alfredo Reguera steals 2nd base 0-1: Foul Ball, location: 2F 0-2: Foul Ball, location: 2F 0-2: Ball 1-2: Ball 2-2: Ball 3-2: Foul Ball, location: 2F 3-2: Foul Ball, location: 2F 3-2: SINGLE (Flyball, 56D, EV 91.9 MPH) Alfredo Reguera to third Runner from 3rd tries for Home, throw by LF and OUT! 7-2
|
| Top of the 1st over - 2 runs, 4 hits, 0 errors, 1 left on base; Bowie 2 - Frisco 0 |
| BOTTOM OF THE 1ST |
|
Frisco RoughRiders batting - Pitching for Bowie Baysox : RHP Jonathan Spicer
|
|
Pitching: RHP Jonathan Spicer
|
|
|
Batting: LHB Yoshinari Nara
|
0-0: Ball 1-0: Foul Ball, location: 2F 1-1: Ball 2-1: Foul Ball, location: 2F 2-2: Foul Ball, location: 2F 2-2: Ball 3-2: Ground out 6-3 (Groundball, 6, EV 76.9 MPH)
|
|
Batting: LHB Alfonso Collazo
|
0-0: Ground out 6-3 (Groundball, 4, EV 93.8 MPH)
|
|
Batting: RHB Sean Neuroth
|
0-0: Called Strike 0-1: Ball 1-1: Called Strike 1-2: Ground out 4-3 (Groundball, 4, EV 86.9 MPH)
|
| Bottom of the 1st over - 0 runs, 0 hits, 0 errors, 0 left on base; Bowie 2 - Frisco 0 |
| TOP OF THE 2ND |
|
Bowie Baysox batting - Pitching for Frisco RoughRiders : RHP Matt Stutzman
|
|
Batting: RHB Minoru Matsumoto
|
0-0: Ball 1-0: Fly out, F4 (Popup, 4M, EV 58.8 MPH)
|
|
Batting: RHB Honório Szenes
|
0-0: Ball 1-0: Foul Ball, location: 2F 1-1: Ground out 4-3 (Groundball, 4, EV 93.8 MPH)
|
|
Batting: RHB Jason Burke
|
0-0: Foul Ball, location: 2F 0-1: Fly out, F8 (Flyball, 8RXD, EV 105.6 MPH)
|
| Top of the 2nd over - 0 runs, 0 hits, 0 errors, 0 left on base; Bowie 2 - Frisco 0 |
| BOTTOM OF THE 2ND |
|
Frisco RoughRiders batting - Pitching for Bowie Baysox : RHP Jonathan Spicer
|
|
Batting: RHB Josh Whitmore
|
0-0: Called Strike 0-1: Ball 1-1: Ball 2-1: Foul Ball, location: 2F 2-2: Foul Ball, location: 2F 2-2: Ball 3-2: Foul Ball, location: 2F 3-2: Reached on error, E5 (Groundball, 5L, EV 107.5 MPH)
|
|
Batting: RHB Danny Odom
|
0-0: Ball 1-0: Called Strike 1-1: Ball 2-1: DOUBLE (Line Drive, 9LS, EV 94.4 MPH) Josh Whitmore to third
|
|
Batting: RHB Matt Sanders
|
0-0: Called Strike 0-1: Ball 1-1: Ball 2-1: Ground out 6-3 (Groundball, 6, EV 104.4 MPH) Josh Whitmore scores
|
|
Batting: RHB Luis Arce
|
0-0: Swinging Strike 0-1: Called Strike 0-2: Ball 1-2: SINGLE (Line Drive, 78M, EV 97.5 MPH) Danny Odom to third Runner from 3rd tries for Home, throw by LF and OUT! 7-2 Luis Arce to second
|
|
Batting: RHB Carlos Lopez
|
0-0: Ground out 5-3 (Groundball, 56, EV 78.8 MPH)
|
| Bottom of the 2nd over - 1 run, 2 hits, 1 error, 1 left on base; Bowie 2 - Frisco 1 |
| TOP OF THE 3RD |
|
Bowie Baysox batting - Pitching for Frisco RoughRiders : RHP Matt Stutzman
|
|
Batting: RHB Josh Hopp
|
0-0: Ball 1-0: Ball 2-0: Called Strike 2-1: Foul Ball, location: 2F 2-2: Ground out 4-3 (Groundball, 4, EV 83.8 MPH)
|
|
Batting: RHB Jonathan Mendoza
|
0-0: Called Strike 0-1: Called Strike 0-2: Foul Ball, location: 2F 0-2: Strikes out looking
|
|
Batting: RHB Luke Vaccarino
|
0-0: Ball 1-0: Foul Ball, location: 2F 1-1: Ball 2-1: Ball 3-1: Swinging Strike 3-2: Foul Ball, location: 2F 3-2: DOUBLE (Groundball, 5L, EV 100.0 MPH)
|
|
Batting: RHB Alfredo Reguera
|
0-0: Fly out, F7 (Flyball, 7LSF, EV 90.0 MPH)
|
| Top of the 3rd over - 0 runs, 1 hit, 0 errors, 1 left on base; Bowie 2 - Frisco 1 |
| BOTTOM OF THE 3RD |
|
Frisco RoughRiders batting - Pitching for Bowie Baysox : RHP Jonathan Spicer
|
|
Batting: RHB Joe Kemp
|
0-0: Called Strike 0-1: Ball 1-1: Fly out, F3 (Popup, 3SF, EV 72.5 MPH)
|
|
Batting: LHB Yoshinari Nara
|
0-0: Foul Ball, location: 2F 0-1: Ball 1-1: Ball 2-1: Ball 3-1: Called Strike 3-2: Ground out 6-3 (Groundball, 6M, EV 106.9 MPH)
|
|
Batting: LHB Alfonso Collazo
|
0-0: Called Strike 0-1: Ball 1-1: Swinging Strike 1-2: Ball 2-2: Ball 3-2: Strikes out swinging
|
| Bottom of the 3rd over - 0 runs, 0 hits, 0 errors, 0 left on base; Bowie 2 - Frisco 1 |
| TOP OF THE 4TH |
|
Bowie Baysox batting - Pitching for Frisco RoughRiders : RHP Matt Stutzman
|
|
Batting: RHB Wil Ochoa
|
0-0: Called Strike 0-1: Ball 1-1: Ball 2-1: Called Strike 2-2: Ball 3-2: Strikes out looking
|
|
Batting: SHB Chris Wright
|
0-0: Called Strike 0-1: Swinging Strike 0-2: Ball 1-2: Strikes out looking
|
|
Batting: RHB Minoru Matsumoto
|
0-0: Called Strike 0-1: Foul Ball, location: 2F 0-2: Fly out, F2 (Popup, 15S, EV 87.5 MPH)
|
| Top of the 4th over - 0 runs, 0 hits, 0 errors, 0 left on base; Bowie 2 - Frisco 1 |
| BOTTOM OF THE 4TH |
|
Frisco RoughRiders batting - Pitching for Bowie Baysox : RHP Jonathan Spicer
|
|
Batting: RHB Sean Neuroth
|
0-0: Ball 1-0: Called Strike 1-1: Foul Ball, location: 2F 1-2: Ball 2-2: Strikes out looking
|
|
Batting: RHB Josh Whitmore
|
0-0: Ball 1-0: Foul Ball, location: 2F 1-1: SINGLE (Groundball, 6S, EV 72.5 MPH) (infield hit)
|
|
Batting: RHB Danny Odom
|
0-0: Ball 1-0: Ball 2-0: Fly out, F8 (Flyball, 8RS, EV 90.0 MPH)
|
|
Batting: RHB Matt Sanders
|
0-0: SINGLE (Groundball, 6D, EV 96.9 MPH) Josh Whitmore to second
|
|
Batting: RHB Luis Arce
|
0-0: Swinging Strike 0-1: Ball 1-1: Swinging Strike 1-2: Strikes out swinging
|
| Bottom of the 4th over - 0 runs, 2 hits, 0 errors, 2 left on base; Bowie 2 - Frisco 1 |
| TOP OF THE 5TH |
|
Bowie Baysox batting - Pitching for Frisco RoughRiders : RHP Matt Stutzman
|
|
Batting: RHB Honório Szenes
|
0-0: SINGLE (Groundball, 25, EV 66.2 MPH) (infield hit)
|
|
Batting: RHB Jason Burke
|
0-0: Fly out, F8 (Flyball, 8LS, EV 70.0 MPH)
|
|
Batting: RHB Josh Hopp
|
0-0: Ball 1-0: Grounds into double play, 4-6-3 (Groundball, 4, EV 86.9 MPH)
|
| Top of the 5th over - 0 runs, 1 hit, 0 errors, 0 left on base; Bowie 2 - Frisco 1 |
| BOTTOM OF THE 5TH |
|
Frisco RoughRiders batting - Pitching for Bowie Baysox : RHP Jonathan Spicer
|
|
Batting: RHB Carlos Lopez
|
0-0: Ball 1-0: Called Strike 1-1: Called Strike 1-2: Ground out 6-3 (Groundball, 6, EV 80.0 MPH)
|
|
Batting: RHB Joe Kemp
|
0-0: Called Strike 0-1: Foul Ball, location: 2F 0-2: Ball 1-2: Foul Ball, location: 2F 1-2: Strikes out looking
|
|
Batting: LHB Yoshinari Nara
|
0-0: Called Strike 0-1: Ball 1-1: Swinging Strike 1-2: Ball 2-2: Foul Ball, location: 2F 2-2: Ball 3-2: Base on Balls
|
|
Batting: LHB Alfonso Collazo
|
0-0: Ground out 4-3 (Groundball, 4S, EV 73.8 MPH)
|
| Bottom of the 5th over - 0 runs, 0 hits, 0 errors, 1 left on base; Bowie 2 - Frisco 1 |
| TOP OF THE 6TH |
|
Bowie Baysox batting - Pitching for Frisco RoughRiders : RHP Matt Stutzman
|
|
Batting: RHB Jonathan Mendoza
|
0-0: Ball 1-0: Called Strike 1-1: Ball 2-1: Ball 3-1: Base on Balls
|
|
Batting: RHB Luke Vaccarino
|
0-0: DOUBLE (Line Drive, 9D, EV 104.4 MPH) Jonathan Mendoza to third
|
|
Batting: RHB Alfredo Reguera
|
0-0: Called Strike 0-1: Ground out 6-3 (Groundball, 6S, EV 86.2 MPH)
|
|
Batting: RHB Wil Ochoa
|
0-0: Ball 1-0: Hit by Pitch
|
|
Batting: SHB Chris Wright
|
0-0: Called Strike 0-1: Ball 1-1: Called Strike 1-2: Strikes out swinging
|
|
Batting: RHB Minoru Matsumoto
|
0-0: Fly out, F4 (Popup, 34, EV 80.6 MPH)
|
| Top of the 6th over - 0 runs, 1 hit, 0 errors, 3 left on base; Bowie 2 - Frisco 1 |
| BOTTOM OF THE 6TH |
|
Frisco RoughRiders batting - Pitching for Bowie Baysox : RHP Jonathan Spicer
|
|
Batting: RHB Sean Neuroth
|
0-0: Ball 1-0: SINGLE (Groundball, 56S, EV 62.5 MPH) (infield hit)
|
|
Batting: RHB Josh Whitmore
|
0-0: Ball Sean Neuroth steals 2nd, throwing error, E2 Sean Neuroth to third 1-0: Ball 2-0: Ball 3-0: Base on Balls
|
|
Batting: RHB Danny Odom
|
0-0: Ball 1-0: Foul Ball, location: 2F 1-1: Foul Ball, location: 2F 1-2: SINGLE (Groundball, 4MS, EV 70.0 MPH) (infield hit) Sean Neuroth scores Josh Whitmore to second
|
|
Pitching: RHP Jon Grason
|
|
|
Batting: RHB Matt Sanders
|
0-0: Ball 1-0: SINGLE (Groundball, 25, EV 67.5 MPH) (infield hit) Josh Whitmore to third Danny Odom to second
|
|
Batting: RHB Luis Arce
|
0-0: Ball 1-0: Fly out, F9 (Flyball, 9, EV 83.1 MPH)
|
|
Batting: RHB Carlos Lopez
|
0-0: Ball 1-0: SINGLE (Groundball, 4, EV 87.5 MPH) (infield hit) Josh Whitmore scores Danny Odom to third Matt Sanders to second
|
|
Batting: RHB Joe Kemp
|
0-0: Swinging Strike 0-1: Swinging Strike 0-2: Foul Ball, location: 2F 0-2: Foul Ball, location: 2F 0-2: Ball 1-2: Foul Ball, location: 2F 1-2: Ball 2-2: Grounds into fielders choice 5-2 (Groundball, 56, EV 90.6 MPH) Matt Sanders to third Carlos Lopez to second
|
|
Batting: LHB Yoshinari Nara
|
0-0: Ball 1-0: Foul Ball, location: 2F 1-1: Ball 2-1: Swinging Strike 2-2: Strikes out swinging
|
| Bottom of the 6th over - 2 runs, 4 hits, 1 error, 3 left on base; Bowie 2 - Frisco 3 |
| TOP OF THE 7TH |
|
Bowie Baysox batting - Pitching for Frisco RoughRiders : RHP Matt Stutzman
|
|
Pitching: RHP Tom Jensen
|
|
|
Batting: RHB Honório Szenes
|
0-0: Called Strike 0-1: Ball 1-1: Ball 2-1: Ball 3-1: DOUBLE (Line Drive, 9LM, EV 104.4 MPH)
|
|
Batting: RHB Jason Burke
|
0-0: Ball 1-0: Ball 2-0: Foul Ball, location: 2F 2-1: Swinging Strike 2-2: Strikes out swinging
|
|
Batting: RHB Josh Hopp
|
0-0: Ball 1-0: Called Strike 1-1: Ground out 5-3 (Groundball, 56, EV 86.2 MPH)
|
|
Batting: RHB Jonathan Mendoza
|
0-0: Called Strike 0-1: Swinging Strike 0-2: Fly out, F8 (Line Drive, 8LD, EV 98.1 MPH)
|
| Top of the 7th over - 0 runs, 1 hit, 0 errors, 1 left on base; Bowie 2 - Frisco 3 |
| BOTTOM OF THE 7TH |
|
Frisco RoughRiders batting - Pitching for Bowie Baysox : RHP Jon Grason
|
|
Pitching: LHP Jason Williams
|
|
|
Batting: RHB Jorge Benites
|
0-0: Called Strike 0-1: Fly out, F4 (Popup, 4M, EV 65.0 MPH)
|
|
Pitching: RHP Jose Santos
|
|
|
Batting: RHB Sean Neuroth
|
0-0: Called Strike 0-1: Ball 1-1: Foul Ball, location: 2F 1-2: Fly out, F7 (Flyball, 78D, EV 75.6 MPH)
|
|
Batting: RHB Josh Whitmore
|
0-0: Called Strike 0-1: Ball 1-1: Foul Ball, location: 2F 1-2: Ground out 5-3 (Groundball, 5L, EV 81.2 MPH)
|
| Bottom of the 7th over - 0 runs, 0 hits, 0 errors, 0 left on base; Bowie 2 - Frisco 3 |
| TOP OF THE 8TH |
|
Bowie Baysox batting - Pitching for Frisco RoughRiders : RHP Tom Jensen
|
|
Now at 2B: Darnell Jones
|
|
|
Batting: RHB Luke Vaccarino
|
0-0: Ball 1-0: Ball 2-0: SINGLE (Flyball, 89S, EV 97.5 MPH)
|
|
Batting: RHB Alfredo Reguera
|
0-0: Ball 1-0: Foul Ball, location: 2F 1-1: Ball 2-1: Ball 3-1: Swinging Strike 3-2: SINGLE (Line Drive, 9S, EV 95.0 MPH) Luke Vaccarino to second Runner from 2nd tries for 3rd, SAFE, throw by RF made to third
|
|
Batting: RHB Wil Ochoa
|
0-0: Ball 1-0: Fly out, F7 (Flyball, 7S, EV 88.1 MPH)
|
|
Batting: SHB Chris Wright
|
0-0: Swinging Strike 0-1: Swinging Strike 0-2: Foul Ball, location: 2F 0-2: Ball 1-2: Strikes out swinging
|
|
Batting: RHB Minoru Matsumoto
|
0-0: Fielders Choice at 2nd, 4-6 (Groundball, 4MD, EV 102.5 MPH)
|
| Top of the 8th over - 0 runs, 2 hits, 0 errors, 2 left on base; Bowie 2 - Frisco 3 |
| BOTTOM OF THE 8TH |
|
Frisco RoughRiders batting - Pitching for Bowie Baysox : RHP Jose Santos
|
|
Batting: RHB Danny Odom
|
0-0: Swinging Strike 0-1: Ball 1-1: Ball 2-1: TRIPLE (Flyball, 9D, EV 100.6 MPH)
|
|
Batting: RHB Matt Sanders
|
0-0: Called Strike 0-1: Ball 1-1: Ball 2-1: Ball 3-1: SINGLE (Flyball, 9S, EV 86.2 MPH) Danny Odom scores
|
|
Batting: RHB Luis Arce
|
0-0: Foul Ball, location: 2F 0-1: Called Strike 0-2: Foul Ball, location: 2F 0-2: Ball 1-2: Strikes out looking
|
|
Batting: RHB Carlos Lopez
|
0-0: Ball 1-0: Called Strike 1-1: Swinging Strike 1-2: Ball 2-2: Ball 3-2: Foul Ball, location: 2F 3-2: Strikes out swinging
|
|
Pitching: RHP Harley Hyde
|
|
|
Batting: RHB Joe Kemp
|
0-0: Called Strike 0-1: Ball 1-1: Ball 2-1: Called Strike 2-2: Ball 3-2: Foul Ball, location: 2F 3-2: Reached on error, E6 (Groundball, 6S, EV 70.0 MPH) Matt Sanders to third
|
|
Batting: LHB Yoshinari Nara
|
0-0: Called Strike 0-1: Ball 1-1: Foul Ball, location: 2F 1-2: Ground out 4-3 (Groundball, 4, EV 106.2 MPH)
|
| Bottom of the 8th over - 1 run, 2 hits, 1 error, 2 left on base; Bowie 2 - Frisco 4 |
| TOP OF THE 9TH |
|
Bowie Baysox batting - Pitching for Frisco RoughRiders : RHP Tom Jensen
|
|
Pitching: RHP Andy Zecher
|
|
|
Batting: RHB Honório Szenes
|
0-0: Called Strike 0-1: Ball 1-1: Ground out 6-3 (Groundball, 6, EV 106.2 MPH)
|
|
Batting: RHB Jason Burke
|
0-0: Swinging Strike 0-1: Ball 1-1: Swinging Strike 1-2: Strikes out swinging
|
|
Batting: RHB Josh Hopp
|
0-0: Called Strike 0-1: Fly out, F7 (Line Drive, 7S, EV 98.1 MPH)
|
| Top of the 9th over - 0 runs, 0 hits, 0 errors, 0 left on base; Bowie 2 - Frisco 4 |
|